 Dungeon Crawl Stone Soup version 0.31-a0-940-gdaa99269f9 (webtiles) character file.

Game seed: 10395777474858598940

4979 protoss039 the Trooper (level 10, 77/77 HPs)
             Began as a Demonspawn Earth Elementalist on Oct 20, 2023.
             Was a Priest of Vehumet.
             Got out of the dungeon alive.
             The game lasted 00:18:49 (8869 turns).

protoss039 the Trooper (DsEE)                       Turns: 8869, Time: 00:18:50

Health: 77/77      AC: 11    Str: 11    XL:     10   Next: 29%
Magic:  19/19      EV: 12    Int: 21    God:    Vehumet [***...]
Gold:   496        SH:  0    Dex: 13    Spells: 12/21 levels left

rFire   . . .        m - +0 dagger (flame)
rCold   . . .        (no shield)
rNeg    . . .        h - +1 leather armour of the Jackalope {Regen+ Str+2 Slay+2}
rPois   +            o - +0 helmet
rElec   .            D - +0 cloak
rCorr   .            y - +0 pair of gloves
SInv    .            k - +0 pair of boots
Will    .....        (no amulet)
Stlth   ++           n - ring of poison resistance
HPRegen 1.12/turn    (no ring)
MPRegen 0.16/turn

%: no passive effects
@: no status effects
A: claws 2, thin metallic scales 1, ignite blood 2, spiny 1
a: Renounce Religion


You escaped.
You worshipped Vehumet.
Vehumet was most pleased with you.
You visited 2 branches of the dungeon, and saw 9 of its levels.
You also visited: Ossuary.

You collected 496 gold pieces.

Inventory:

Hand Weapons
 m - a +0 dagger of flaming (weapon)
 C - a +1 trident of flaming
 E - the +1 sling "Wiysyt" {heavy, Fragile rF+ Int-3 Dex+5 SInv}
   (You found it on level 7 of the Dungeon)

   Int-3:     It affects your intelligence (-3).
   Dex+5:     It affects your dexterity (+5).
   rF+:       It protects you from fire.
   SInv:      It lets you see invisible.
   Fragile:   It will be destroyed if unequipped.
Armour
 h - the +1 leather armour of the Jackalope (worn) {Regen+ Str+2 Slay+2}
   (You found it on level 2 of the Dungeon)

   Str+2:     It affects your strength (+2).
   Slay+2:    It affects your accuracy & damage with ranged weapons and melee
   (+2).
   Regen+:    It increases your rate of health regeneration.
 k - a +0 pair of boots (worn)
 o - a +0 helmet (worn)
 y - a +0 pair of gloves (worn)
 D - a +0 cloak (worn)
Jewellery
 n - a ring of poison resistance (left hand)
Wands
 t - a wand of charming (9)
 u - a wand of digging (7)
 B - a wand of flame (17)
Scrolls
 a - 2 scrolls of amnesia
 c - a scroll of identify
 g - a scroll of torment
 q - 9 scrolls of teleportation
 A - 4 scrolls of poison
Potions
 b - a potion of magic
 d - 3 potions of haste
 e - 5 potions of brilliance
 f - 5 potions of heal wounds
 j - a potion of resistance {unknown}
 l - a potion of might {unknown}
 p - 5 potions of curing
 v - 2 potions of lignification {unknown}
 x - a potion of attraction {unknown}
 z - a potion of cancellation {unknown}


   Skills:
 + Level 6.7 Fighting
 + Level 4.3 Armour
 - Level 3.0 Dodging
 - Level 3.0 Stealth
 + Level 6.2 Spellcasting
 + Level 4.9 Conjurations
 - Level 3.0 Transmutations
 - Level 3.0 Air Magic
 - Level 6.0 Earth Magic
 - Level 3.0 Poison Magic
 - Level 3.0 Evocations


You had 12 spell levels left.
You knew the following spells:

 Your Spells              Type           Power      Damage    Failure   Level
a - Sandblast             Erth           62%        2d14      1%          1
b - Passwall              Tmut/Erth      20%        N/A       3%          2
c - Stone Arrow           Conj/Erth      58%        3d10      1%          3
g - Mephitic Cloud        Conj/Pois/Air  21%        N/A       2%          3

Your spell library contained the following spells:

 Spells                   Type           Power      Damage    Failure   Level
 Fulminant Prism          Conj/Hex       8%         3d6       12%         4
 Magic Dart               Conj           100%       1d8       1%          1
 Poisonous Vapours        Pois/Air       38%        N/A       1%          2
 Sting                    Tmut/Pois      76%        1d6       3%          1
 Brom's Barrelling Bould  Conj/Erth      29%        2d5       3%          4
 Lee's Rapid Deconstruct  Erth           15%        3d10*     8%          5
 Olgreb's Toxic Radiance  Pois           19%        N/A       10%         4
 Call Imp                 Summ           12%        N/A       19%         2
 Lesser Beckoning         Tloc           12%        N/A       19%         2
 Petrify                  Tmut/Erth      25%        N/A       19%         4
 Freezing Cloud           Conj/Ice/Air   8%         6-21      28%         5
 Animate Armour           Summ/Erth      38%        N/A       34%         4
 Gell's Gravitas          Tloc           6%         N/A       36%         3
 Teleport Other           Tloc           6%         N/A       36%         3
 Summon Lightning Spire   Summ/Air       12%        N/A       54%         4


Dungeon Overview and Level Annotations

Branches:
Dungeon (8/15) Zot: 25147  Temple (1/1) D:4 Zot: 5973    Lair (0/5) D:8
Ossuary (visited)

Altars:
Ashenzari
Cheibriados
Dithmenos
Fedhas
Gozag
Hepliaklqana
Kikubaaqudgha
Makhleb
Nemelex Xobeh
Okawaru
Qazlal
Ru
Sif Muna
Trog
Uskayaw
Vehumet
Wu Jian
Xom
Yredelemnul

Shops:
D:2 :   D:8 (

Annotations:
D:1 1 exclusion
D:2 Terence


Innate Abilities, Weirdness & Mutations

You have very sharp fingernails.
You are partially covered in thin metallic scales. (AC +2)
Your demonic aura often causes spilled blood to erupt in flames.
You are partially covered in sharp spines.


Message History

Your butterfly disappears in a burst of colours!
Your butterfly explodes! x2
The fiery explosion engulfs you!!
Your butterfly explodes!
Your butterfly disappears in a burst of colours! x2
Your butterfly is engulfed in blazing flames.
Your butterfly disappears in a burst of colours!
Your butterfly explodes!
Unknown command.
Unknown command.
Unknown command.
Unknown command.
Unknown command.
Unknown command.
Casting: Sandblast (safe; 1% risk of failure)
Confirm with . or Enter, or press ? or * to list all spells.
Aiming: Stone Arrow (safe; 1% risk of failure)
Press: ? - help, Shift-Dir - straight line, f - you
Okay, then.
Unknown command.
Casting: Stone Arrow (safe; 1% risk of failure)
Confirm with . or Enter, or press ? or * to list all spells.
Aiming: Stone Arrow (safe; 1% risk of failure)
Press: ? - help, Shift-Dir - straight line Your butterfly is engulfed in blazing flames.
Your butterfly disappears in a burst of colours!
Your butterfly explodes!
Unknown command.
Unknown command.
Unknown command.
Unknown command.
Unknown command.
There is a stone staircase leading up, spattered with blood here.
You climb upwards.
Level annotation: 1 exclusion
There is a stone staircase leading down, spattered with blood here.
Magic restored.
HP restored.
There is a staircase leading out of the dungeon here.
You have escaped!

#...##.#.# #.......#.# #...##.#.#
#.......#.# #...##.#.# #######
#...##.##.# #...##.#.#####.....#
######.##.# .....#.#.##.....⌠..#
#....# ####.#.#.#.........####
######### ####.#.#.....#......#.#
#........
...#.#.#...###........###.####...
##.#.#.#..## #..@..#......#....#.
.#.#.#.#...###........###.#.####.
.#.#.#.#.....#......#(# #........
.#.#.#.#.#.........########.####.
##.#.#.#.##.....⌠..# #.....# #.
##.#.#.#.#####.....# #.##..# #.
.....#.......######## #.##..###.
##.#####.###.#......# #.##..#...
#.# #.#...#.####.# #.##..#.#.


There were no monsters in sight!

Vanquished Creatures
  A two-headed ogre (D:8)
  A komodo dragon (D:8)
  A hornet (D:8)
  Sigmund (D:2)
  3 wyverns (D:8)
  6 yaks
  A steam dragon (D:8)
  A basilisk (D:8)
  4 black bears
  An ogre (D:5)
  A phantom (D:5)
  2 kobold brigands (D:6)
  2 scorpions (D:5)
  9 wights (D:8)
  2 howler monkeys (D:5)
  3 jellies
  A centaur zombie (Ossuary)
  3 hounds
  2 human zombies (Ossuary)
  A gnoll bouda (D:8)
  3 iguanas
  2 orc wizards (D:7)
  2 mummies (Ossuary)
  Robin (D:2)
  15 gnolls
  5 adders
  A white imp (D:5)
  2 ufetubi (D:6)
  2 adder zombies (Ossuary)
  3 worms (D:2)
  2 dart slugs (D:1)
  10 orcs
  9 endoplasms
  3 giant cockroaches
  12 goblins
  9 hobgoblins
  12 jackals
  A quokka (D:1)
  7 ball pythons
  2 bats
  A frilled lizard (D:2)
  A goblin zombie (Ossuary)
  5 hobgoblin zombies (Ossuary)
  2 jackal zombies (Ossuary)
  18 kobolds
  7 kobold zombies (Ossuary)
  15 orc zombies (Ossuary)
  5 rats
  A rat zombie (Ossuary)
204 creatures vanquished.

Vanquished Creatures (collateral kills)
  A gnoll sergeant (D:7)
  An orc priest (D:7)
2 creatures vanquished.

Vanquished Creatures (others)
  A gnoll (D:7)
1 creature vanquished.

Grand Total: 207 creatures vanquished

Notes
Turn   | Place    | Note
-------+----------+-------------------------------------------
     0 | D:1      | protoss039 the Demonspawn Earth Elementalist began the
                  | quest for the Orb.
     0 | D:1      | Reached XP level 1. HP: 13/13 MP: 3/3
   228 | D:1      | Gained mutation: Your demonic aura sometimes causes spilled
                  | blood to erupt in flames. [demonic ancestry]
   228 | D:1      | Reached XP level 2. HP: 20/20 MP: 1/5
   388 | D:1      | Reached skill level 1 in Fighting
  1219 | D:1      | Reached XP level 3. HP: 26/26 MP: 4/6
  1285 | D:2      | Learned a level 2 spell: Passwall
  1289 | D:2      | Learned a level 3 spell: Stone Arrow
  1302 | D:2      | Noticed Robin
  1623 | D:2      | Noticed Terence
  1624 | D:2      | Killed Robin
  1690 | D:2      | Found Sitifo's Book Boutique.
  1690 | D:2      | Noticed Sigmund
  1704 | D:2      | Reached skill level 1 in Conjurations
  1704 | D:2      | Gained mutation: You have sharp fingernails. [demonic
                  | ancestry]
  1704 | D:2      | Reached XP level 4. HP: 24/33 MP: 1/8
  2106 | D:2      | Identified the +1 leather armour of the Jackalope {Regen+
                  | Str+2 Slay+2}
  2227 | D:2      | Found a shimmering altar of Xom.
  2248 | D:2      | Reached XP level 5. HP: 39/39 MP: 7/9
  2668 | D:3      | Reached skill level 1 in Armour
  3226 | D:4      | Found a bloodstained altar of Trog.
  3233 | D:4      | Found a burning altar of Makhleb.
  3233 | D:4      | Found a basalt altar of Yredelemnul.
  3238 | D:4      | Found a faded altar of an unknown god.
  3240 | D:4      | Found a faded altar of an unknown god.
  3241 | D:4      | Found a shadowy altar of Dithmenos.
  3385 | D:4      | Found a staircase to the Ecumenical Temple.
  3393 | Temple   | Entered the Ecumenical Temple
  3406 | Temple   | Became a worshipper of Vehumet
  3897 | D:5      | Entered Level 5 of the Dungeon
  3916 | D:5      | Gained mutation: You are partially covered in thin metallic
                  | scales. (AC +2) [demonic ancestry]
  3916 | D:5      | Reached XP level 6. HP: 39/46 MP: 6/10
  4162 | D:5      | Reached XP level 7. HP: 52/52 MP: 5/12
  4839 | D:5      | Learned a level 3 spell: Mephitic Cloud
  4959 | D:6      | Reached skill level 5 in Earth Magic
  4959 | D:6      | Gained mutation: You have very sharp fingernails. [demonic
                  | ancestry]
  4959 | D:6      | Reached XP level 8. HP: 60/61 MP: 0/14
  5816 | D:7      | Reached * piety under Vehumet
  5816 | D:7      | Offered knowledge of Foxfire by Vehumet.
  5916 | D:7      | Reached skill level 1 in Poison Magic
  5925 | D:7      | Reached skill level 5 in Spellcasting
  5925 | D:7      | Reached skill level 1 in Air Magic
  5926 | D:7      | Reached skill level 5 in Fighting
  6189 | D:7      | Identified the +1 sling "Wiysyt" {heavy, Fragile rF+ Int-3
                  | Dex+5 SInv}
  6416 | D:7      | Found a sand-covered staircase.
  6422 | Ossuary  | Entered an ossuary
  6520 | Ossuary  | Reached ** piety under Vehumet
  6582 | Ossuary  | Offered knowledge of Kiss of Death by Vehumet.
  7047 | D:8      | Reached skill level 1 in Evocations
  7060 | D:8      | Gained mutation: Your demonic aura often causes spilled
                  | blood to erupt in flames. [demonic ancestry]
  7060 | D:8      | Reached XP level 9. HP: 32/68 MP: 3/16
  7067 | D:8      | Offered knowledge of Hailstorm by Vehumet.
  7306 | D:8      | Found Ovech's Weapon Shop.
  7392 | D:8      | Reached skill level 1 in Transmutations
  7590 | D:8      | Reached *** piety under Vehumet
  7901 | D:8      | Noticed a two-headed ogre
  7904 | D:8      | Killed a two-headed ogre
  8093 | D:8      | Noticed a komodo dragon
  8096 | D:8      | Killed a komodo dragon
  8097 | D:8      | Gained mutation: You are partially covered in sharp spines.
                  | [demonic ancestry]
  8097 | D:8      | Reached XP level 10. HP: 76/76 MP: 12/18
  8235 | D:8      | Found a staircase to the Lair.
  8667 | D:2      | Killed Sigmund
  8667 | D:2      | Offered knowledge of Fulminant Prism by Vehumet.
  8869 | D:$      | Got out of the dungeon alive.

Illustrated notes

Levels and vault maps discovered:
D:1:      dpeg_arrival_arbitrary_c, layout_basic
D:2:      layout_basic, basic_altar, serial_shops, shop, uniq_robin,
          uniq_terence, uniq_sigmund
D:3:      layout_loops_ring
D:4:      layout_loops_ring, nicolae_overflow_hidden_temple,
          chequers_temple_overflow_minitemple, minmay_temple_entry_junction
D:5:      layout_basic, hangedman_decor_points
D:6:      layout_basic
D:7:      layout_loops_cross, nicolae_ossuary_entry_plus
D:8:      layout_basic, erik_lair_dragon, serial_shops, shop
Temple:   mainiacjoe_temple_coin_purse

Skill      XL: |  1  2  3  4  5  6  7  8  9 10 |
---------------+-------------------------------+-----
Fighting       | 1 2 3 4 5 6 |  6.7
Earth Magic    | 3 4 5 6 |  6.0
Conjurations   | 1 2 3 4 |  4.9
Spellcasting   | 3 4 5 6 |  6.2
Armour         | 1 2 3 4 |  4.3
Poison Magic   | 2 3 |  3.0
Air Magic      | 1 3 |  3.0
Stealth        | 2 3 |  3.0
Dodging        | 2 3 |  3.0
Evocations     | 1 3 |  3.0
Transmutations | 2 3 |  3.0

Action                     |  1- 3 |  4- 6 |  7- 9 | 10-12 || total
---------------------------+-------+-------+-------+-------++-------
  Melee: Club              |    11 |       |       |       ||    11
         Dagger            |     5 |    22 |    41 |     7 ||    75
         Punch             |       |       |     2 |       ||     2
   Cast: Sandblast         |    64 |    79 |   134 |     3 ||   280
         Passwall          |       |     6 |       |       ||     6
         Stone Arrow       |       |     2 |    56 |    12 ||    70
  Evoke: Wand              |       |       |     3 |       ||     3
    Use: Scroll            |       |     4 |     5 |     5 ||    14
   Stab: Sleeping          |     2 |     2 |       |       ||     4
 Armour: Robe              |    23 |     8 |       |       ||    31
         Leather armour    |       |    34 |   115 |    15 ||   164
  Dodge: Dodged            |    28 |    37 |    96 |     8 ||   169

Table legend: (Time is in decaauts)
 A = Elapsed time spent in this place.
 B = Non-inter-level travel time spent in this place.
 C = Inter-level travel time spent in this place.
 D = Time resting spent in this place.
 E = Time spent auto-exploring this place.
 F = Levels seen in this place.
 G = Mean time per level.
                   A        B        C        D        E       F      G
               +--------+--------+--------+--------+--------+-----+--------+
         Total |   9016 |   8641 |    375 |    505 |   6418 |  10 |  901.6 |
       Dungeon |   8519 |   8168 |    351 |    426 |   6235 |   8 | 1064.9 |
        Temple |     26 |      2 |     24 |      0 |      0 |   1 |   26.0 |
       Ossuary |    470 |    470 |      0 |     79 |    183 |   1 |  470.0 |
               +--------+--------+--------+--------+--------+-----+--------+

Top non-repeatable levels by time:
     D:1: 1528 daAuts
     D:8: 1442 daAuts
     D:2: 1074 daAuts
     D:5: 979 daAuts
     D:6: 966 daAuts
     D:7: 929 daAuts
     D:3: 828 daAuts
     D:4: 770 daAuts
 Ossuary: 470 daAuts
  Temple: 26 daAuts
